[Event "1000GM Spring Break Schev-B 2024"]
[Site "San Jose"]
[Date "2024.04.01"]
[Round "5.5"]
[White "Rajaram, Anika"]
[Black "Solis Castro, Angel Alejan"]
[Result "1-0"]
[ECO "A62"]
[WhiteElo "1850"]
[BlackElo "2071"]
[Annotator "RC"]
[PlyCount "119"]
[EventDate "2024.03.28"]
[EventType "schev"]
[EventCountry "USA"]
[SourceTitle "playchess.com"]
[Source "ChessBase"]
[SourceQuality "1"]
[TimeControl "5400+30"]

1. d4 Nf6 2. c4 e6 3. g3 c5 4. d5 exd5 5. cxd5 d6 6. Nc3 g6 7. Bg2 Bg7 8. Nf3 O-O 9. O-O Re8 10. Bf4 a6 11. a4 Ne4 12. Rc1 Nxc3 13. bxc3 b5 14. Re1 Qb6 15. e4 Bg4 16. h3 Bxf3 17. Bxf3 Nd7 18. Qc2 c4 19. Be3 Qa5 20. Be2 Rec8 21. Bd4 Bxd4 22. cxd4 Nb6 23. axb5 axb5 24. Bg4 Re8 25. Rb1 b4 26. e5 b3 27. Qe2 dxe5 28. dxe5 Qc5 29. e6 f5 30. Bf3 Ra2 31. Rb2 Rxb2 32. Qxb2 Na4 33. Qf6 Re7 34. Qxe7 Qxe7 35. d6 Qxd6 36. e7 Qxe7 37. Rxe7 c3 38. Bd5+ Kf8 39. Rf7+ Ke8 40. Bxb3 Nc5 41. Rc7 Nxb3 42. Rxc3 Nd4 43. Rc7 Nf3+ 44. Kg2 Ng5 45. h4 Nf7 46. Kf3 Kf8 47. Ke3 Kg7 48. Kd4 Kf6 49. Rc6+ Ke7 50. Kd5 Kd7 51. Ra6 Ke7 52. Rb6 Nd8 53. f4 Nf7 54. Ra6 Kf8 55. Ke6 Nh6 56. Ra8+ Kg7 57. Ra7+ Kg8 58. h5 Ng4 59. Rb7 Kh8 60. Kf7 1-0